 Dungeon Crawl Stone Soup version 0.22.0-27-ga576289 (webtiles) character file.

170 rgaf the Chopper (level 5, -2/47 HPs)
             Began as a Minotaur Monk on Aug 23, 2018.
             Slain by an ogre
             ... wielding a +0 giant spiked club
              (7 damage)
             ... on level 4 of the Dungeon.
             The game lasted 00:01:33 (2025 turns).

rgaf the Chopper (Minotaur Monk)                    Turns: 2025, Time: 00:01:34

Health: -2/47      AC:  9    Str: 15    XL:     5   Next: 26%
Magic:  4/4        EV:  7    Int:  8    God:
Gold:   147        SH:  0    Dex: 13    Spells: 4/4 levels left

rFire    . . .     SeeInvis .   a - +0 hand axe
rCold    . . .     Gourm    .   (no shield)
rNeg     . . .     Faith    .   m - +0 chain mail
rPois    .         Spirit   .   (helmet restricted)
rElec    .         Reflect  .   (no cloak)
rCorr    .         Harm     .   (no gloves)
MR       .....                  (no boots)
Stlth    ..........             (no amulet)
HPRegen  0.15/turn              (no ring)
MPRegen  0.09/turn              (no ring)

@: very slightly contaminated, invisible (expiring)
A: retaliatory headbutt, horns 2
a: no special abilities


You were on level 4 of the Dungeon.
You were hungry.

You visited 1 branch of the dungeon, and saw 4 of its levels.

You collected 147 gold pieces.

Inventory:

Hand Weapons
 a - a +0 hand axe (weapon)
Missiles
 j - 88 arrows
 l - 34 bolts
Armour
 b - a +0 robe
 m - a +0 chain mail (worn)
Jewellery
 k - a +5 ring of evasion {unknown}
 q - an uncursed ring of resist corrosion {unknown}
Scrolls
 c - a scroll of enchant armour {unknown}
 g - a scroll of teleportation {unknown}
 h - a scroll of amnesia
 o - a scroll of random uselessness {unknown}
 p - a scroll of identify {unknown}
Comestibles
 e - 6 rations


   Skills:
 + Level 4.7 Fighting
 * Level 5.7 Axes
 + Level 2.7 Armour
 - Level 3.2 Dodging
 - Level 1.5 Stealth


You had 4 spell levels left.
You didn't know any spells.
Your spell library was empty.

Dungeon Overview and Level Annotations

Branches:
Dungeon (4/15)
 Temple: D:4-7

Altars:
Nemelex Xobeh
Wu Jian

Annotations:
D:3 Sigmund


Innate Abilities, Weirdness & Mutations

You reflexively headbutt those who attack you in melee.
You have a pair of horns on your head.


Message History

The bullfrog zombie barely misses you.
You barely miss the bullfrog zombie.
The bullfrog zombie is severely damaged.
The bullfrog zombie hits you but does no damage.
You barely miss the bullfrog zombie.
The bullfrog zombie is severely damaged.
The bullfrog zombie hits you but does no damage.
You hit the bullfrog zombie. You headbutt the bullfrog zombie.
The bullfrog zombie is almost destroyed.
A jackal comes into view.
The bullfrog zombie barely misses you. You furiously retaliate!
You headbutt the bullfrog zombie!
You destroy the bullfrog zombie!
The jackal barks!
You hit the ogre.
The ogre is lightly wounded.
You flicker for a moment.
The jackal barks!
The ogre hits you with a giant spiked club!
You die...

.[.. . #... .. ...#
...### ..### ...88§#
.... ...§§.§ ##§#
...§8§§####§§##.####
....P§§Z§O@h§§....(.
....§...§###§##.....
.............# ...
......#####... .
...... ..... .)....
##...## ..... ###..
..#.. ..


You could see an ogre and a jackal (wandering).

Vanquished Creatures
  A bullfrog zombie (D:4)
  A hound (D:4)
  3 gnolls
  2 adders
  2 worms
  3 dart slugs
  2 leopard geckos
  An orc (D:3)
  4 giant cockroaches
  4 goblins
  4 hobgoblins
  2 quokkas
  6 bats
  A frilled lizard (D:1)
  6 kobolds
  A quokka zombie (D:4)
  7 rats
50 creatures vanquished.

Notes
Turn   | Place    | Note
-------+----------+-------------------------------------------
     0 | D:1      | rgaf the Minotaur Monk began the quest for the Orb.
     0 | D:1      | Reached XP level 1. HP: 19/19 MP: 0/0
   257 | D:1      | Reached skill level 4 in Axes
   298 | D:1      | Reached XP level 2. HP: 27/27 MP: 1/1
   413 | D:1      | Reached skill level 1 in Armour
   662 | D:2      | Found a sparkling altar of Nemelex Xobeh.
   785 | D:2      | Found an ornate altar of the Wu Jian Council.
   792 | D:2      | Reached XP level 3. HP: 27/33 MP: 2/2
  1675 | D:2      | Reached skill level 5 in Axes
  1675 | D:2      | Reached XP level 4. HP: 38/41 MP: 3/3
  1958 | D:3      | Noticed Sigmund
  1994 | D:4      | Noticed an ogre
  2015 | D:4      | Reached XP level 5. HP: 8/47 MP: 4/4
  2025 | D:4      | Slain by an ogre

Skill      XL: |  1  2  3 |
---------------+----------+-----
Axes           | 4 5 |  5.7
Armour         | 1 2 |  2.7
Fighting       | 4 |  4.7
Dodging        | |  3.2
Stealth        | |  1.5

Action                   |  1- 3 |  4- 6 || total
-------------------------+-------+-------++-------
Melee: Hand axe          |    72 |    57 ||   129
       Headbutt          |    11 |     9 ||    20
  Use: Potion            |       |     2 ||     2
       Scroll            |       |     2 ||     2
 Stab: Sleeping          |     5 |       ||     5
       Invisible         |       |     1 ||     1
  Eat: Chunk             |     2 |     1 ||     3
Armor: Robe              |    13 |       ||    13
       Chain mail        |     6 |    44 ||    50
Dodge: Dodged            |    45 |    28 ||    73
